 Dungeon Crawl Stone Soup version 0.31-a0-986-g5e6e4ef867 (webtiles) character file.

Game seed: 13504451029768471144

2127 mandarbmax the Grappler (level 9, -2/87 HPs)
             Began as a Troll Shapeshifter on Nov 10, 2023.
             Was a Believer of Okawaru.
             Slain by a salamander
             ... wielding a +0 glaive
              (7 damage)
             ... in a bailey.
             The game lasted 00:10:37 (4071 turns).

mandarbmax the Grappler (Troll Shapeshifter)        Turns: 4071, Time: 00:10:37

Health: -2/87      AC:  8    Str: 28    XL:     9   Next: 8%
Magic:  0/8        EV: 10    Int:  6    God:    Okawaru [**....]
Gold:   130        SH:  0    Dex:  9    Spells: 8/8 levels left

rFire   + .          .
                       - Unarmed
rCold   + . .        (no shield)
rNeg    . . .        a - +0 animal skin
rPois   +            (helmet currently unavailable)
rElec   +            (cloak currently unavailable)
rCorr   +            (gloves unavailable)
SInv    .            (boots unavailable)
Will    .....        s - amulet of guardian spirit
Stlth   +            C - +4 ring of protection
HPRegen 1.14/turn    (no ring)
MPRegen 0.11/turn

%: guardian spirit
@: beast-form, resistant, hasted, very quick
A: beast (slay +3), large, unfitting armour, claws 3, regeneration 1, shaggy fur
1, tough skin 1
a: Begin Untransformation, Renounce Religion, Heroism


You were in a bailey.
You worshipped Okawaru.
Okawaru was pleased with you.
You were a hulking beast.
You visited 2 branches of the dungeon, and saw 8 of its levels.
You also visited: Bailey.

You collected 158 gold pieces.
You spent 28 gold pieces at shops.

Inventory:

Missiles
 j - 4 curare-tipped darts
 u - 3 boomerangs (quivered)
Armour
 a - a +0 animal skin (worn)
 y - a +0 kite shield
Jewellery
 s - an amulet of guardian spirit (around neck)
 C - a +4 ring of protection (left claw)
Talismans
 c - a beast talisman
 d - a flux talisman
Wands
 v - a wand of iceblast (1)
 w - a wand of polymorph (2)
 z - a wand of flame (45)
 E - a wand of mindburst (5)
Scrolls
 e - a scroll of poison
 i - 2 scrolls of vulnerability
 l - a scroll of brand weapon {unknown}
 m - 3 scrolls of amnesia
 n - a scroll of teleportation
 o - a scroll of acquirement {unknown}
 p - a scroll of blinking {unknown}
 r - a scroll of noise {unknown}
 t - a scroll of butterflies {unknown}
Potions
 b - a potion of lignification
 f - 2 potions of resistance
 g - a potion of ambrosia
 k - 2 potions of mutation
 q - a potion of brilliance
 x - a potion of curing {unknown}
 A - a potion of enlightenment {unknown}
 D - a potion of invisibility {unknown}


   Skills:
 + Level 4.9 Fighting
 + Level 2.9 Throwing
 - Level 2.0 Dodging
 * Level 9.0 Unarmed Combat
 + Level 5.3 Shapeshifting


You had 8 spell levels left.
You didn't know any spells.
Your spell library contained the following spells:

 Spells                   Type           Power      Damage    Failure   Level
 Shock                    Conj/Air       0%         1d3       45%         1
 Slow                     Hex            0%         N/A       45%         1
 Confusing Touch          Hex            0%         N/A       83%         3
 Inner Flame              Hex/Fire       0%         N/A       83%         3
 Sigil of Binding         Hex            0%         N/A       83%         3
 Swiftness                Air            0%         N/A       83%         3
 Vampiric Draining        Necr           0%         2d6       83%         3
 Airstrike                Air            0%         2d(0-16)  99%         4
 Flame Wave               Conj/Fire      0%         2d4       99%         4
 Sticky Flame             Conj/Fire      0%         2d3       99%         4
 Orb of Destruction       Conj           0%         9d5       100%        7
 Summon Guardian Golem    Hex/Summ       Unusable   N/A       N/A         3
 Spellforged Servitor     Conj/Summ      Unusable   N/A       N/A         7

Dungeon Overview and Level Annotations

Branches:
Dungeon (7/15)             Temple (1/1) D:4          Bailey (1/1)

Altars:
Ashenzari
Cheibriados
Dithmenos
Fedhas
Gozag
Hepliaklqana
Kikubaaqudgha
Nemelex Xobeh
Okawaru
Qazlal
Ru
Sif Muna
Trog
Uskayaw
Vehumet
Wu Jian
Xom
Zin
The Shining One

Shops:
D:3 ?

Annotations:
D:6 Jeremiah


Innate Abilities, Weirdness & Mutations

You are a hulking beast.
Your limbs bulge with bestial killing power. (Slay +3)
You are too large for most types of armour.
You have claws for hands.
Your natural rate of healing is unusually fast.
You are covered in fur. (AC +1)
You have tough skin. (AC +1)


Message History

Press: ? - help, Shift-Dir - straight line, f/p - salamander
Aim: a salamander, wielding a +0 glaive and wearing a +0 scale mail (moderately wounded, chance to affect: 47%)
The salamander resists with some effort.
Unknown command.
Aiming: Mindburst
Press: ? - help, Shift-Dir - straight line, f/p - salamander
Aim: a salamander, wielding a +0 glaive and wearing a +0 scale mail (moderately wounded, chance to affect: 47%)
The salamander resists with some effort.
The salamander closely misses you.
Unknown command.
Unknown command.
Aiming: Mindburst
Press: ? - help, Shift-Dir - straight line, f/p - salamander
Aim: a salamander, wielding a +0 glaive and wearing a +0 scale mail (moderately wounded, chance to affect: 47%)
The salamander resists with some effort.
The salamander hits you from afar with a +0 glaive!!
You are engulfed in flames!
Unknown command.
Aiming: Mindburst
Press: ? - help, Shift-Dir - straight line, f/p - salamander
Aim: a salamander, wielding a +0 glaive and wearing a +0 scale mail (moderately wounded, chance to affect: 47%)
The salamander resists with some effort.
The salamander hits you from afar with a +0 glaive!
* * * LOW HITPOINT WARNING * * *
You are engulfed in flames!
* * * LOW HITPOINT WARNING * * *
It was a potion of resistance.
You feel protected.
The salamander hits you from afar with a +0 glaive!
* * * LOW HITPOINT WARNING * * *
You are engulfed in flames.
You resist.
* * * LOW HITPOINT WARNING * * *
Unknown command.
The salamander attacks as it pursues you!
The salamander barely misses you.
The salamander attacks as it pursues you!
The salamander closely misses you.
You feel yourself speed up.
The salamander hits you from afar with a +0 glaive!
You die...

####### ####
♣♣≈≈≈≈≈♣♣♣..##
#♣.≈≈≈≈≈♣♣....#
#...≈≈≈≈≈♣..####
##.♣..≈≈≈≈♣..#$.#######
##.....≈≈≈≈...#.........
....♣..≈≈≈≈.♣.##h.......
.......≈≈≈≈....#..######
......######...#N8#
........)......#..#
...............)..#
...............)).#
...............#).#
......######...#)8#
....♣..≈ ≈....#..#


You could see a salamander.

Vanquished Creatures
  Grinder (D:5)
  Edmund (D:5)
  2 water moccasins (D:5)
  2 black bears
  3 orc warriors (Bailey)
  An ogre (D:5)
  A phantom (D:5)
  A gnoll sergeant (D:5)
  2 scorpions
  A jelly (D:6)
  Ijyb (D:5)
  2 hounds
  3 orc priests
  An orc wizard (D:3)
  6 iguanas
  12 gnolls
  11 adders
  2 white imps (D:6)
  4 ufetubi
  5 worms
  3 dart slugs
  24 orcs
  4 ball pythons
  7 endoplasms
  7 giant cockroaches
  14 goblins
  A hobgoblin (D:3)
  3 jackals (D:1)
  9 kobolds
  7 quokkas
  5 bats
  5 frilled lizards
  5 rats
156 creatures vanquished.

Notes
Turn   | Place    | Note
-------+----------+-------------------------------------------
     0 | D:1      | mandarbmax the Troll Shapeshifter began the quest for the
                  | Orb.
     0 | D:1      | Reached XP level 1. HP: 18/18 MP: 0/0
     3 | D:1      | Noticed an electric eel
     4 | D:1      | Noticed an electric eel
   112 | D:1      | Reached skill level 1 in Fighting
   121 | D:1      | Reached XP level 2. HP: 26/27 MP: 1/1
   706 | D:1      | Reached XP level 3. HP: 33/33 MP: 2/2
   793 | D:2      | Found a faded altar of an unknown god.
   947 | D:2      | Reached skill level 4 in Unarmed Combat
  1012 | D:2      | Reached XP level 4. HP: 42/42 MP: 3/3
  1377 | D:2      | Reached XP level 5. HP: 49/49 MP: 4/4
  1568 | D:3      | Reached skill level 5 in Unarmed Combat
  1858 | D:3      | Found a hazy altar of Hepliaklqana.
  1939 | D:3      | Found Lapuonul's Magic Scroll Shop.
  1943 | D:3      | Bought a scroll of identify for 28 gold pieces
  2082 | D:4      | Reached XP level 6. HP: 29/59 MP: 5/5
  2245 | D:4      | Reached skill level 6 in Unarmed Combat
  2273 | D:4      | Found a stormy altar of Qazlal.
  2373 | D:4      | Reached XP level 7. HP: 64/67 MP: 6/6
  2451 | D:4      | Found a staircase to the Ecumenical Temple.
  2461 | Temple   | Entered the Ecumenical Temple
  2471 | Temple   | Became a worshipper of Warmaster Okawaru
  2678 | D:5      | Entered Level 5 of the Dungeon
  2741 | D:5      | Noticed Grinder
  2755 | D:5      | Killed Grinder
  2756 | D:5      | Reached skill level 7 in Unarmed Combat
  2936 | D:5      | Noticed Edmund
  2940 | D:5      | Reached XP level 8. HP: 50/78 MP: 4/7
  2944 | D:5      | Killed Edmund
  2944 | D:5      | Reached * piety under Okawaru
  2945 | D:5      | Reached skill level 1 in Throwing
  3071 | D:5      | Reached skill level 8 in Unarmed Combat
  3268 | D:5      | Found an ornate altar of the Wu Jian Council.
  3570 | D:5      | Noticed Ijyb
  3578 | D:5      | Killed Ijyb
  3579 | D:5      | Reached skill level 5 in Shapeshifting
  3908 | D:6      | Found a shimmering altar of Xom.
  3910 | D:6      | Noticed an angel
  3924 | D:6      | Noticed Jeremiah
  3929 | D:6      | Found a glowing silver altar of Zin.
  3929 | D:6      | You fall into a shaft and drop 1 floor!
  3934 | D:7      | Found a flagged portal.
  3962 | Bailey   | Entered a bailey
  4010 | Bailey   | Reached ** piety under Okawaru
  4047 | Bailey   | Reached XP level 9. HP: 57/87 MP: 3/8
  4055 | Bailey   | Reached skill level 9 in Unarmed Combat
  4057 | Bailey   | Noticed an orc knight
  4061 | Bailey   | an orc knight changed into a salamander
  4061 | Bailey   | Noticed a salamander
  4067 | Bailey   | HP: 1/87 [salamander/+0 glaive (5)]
  4071 | Bailey   | Slain by a salamander

Illustrated notes

Levels and vault maps discovered:
D:1:      arrival_aquarium_b, layout_basic, roderic_serpentine_path,
          serial_bayou_pond_b
D:2:      layout_loops_cross, basic_ecumenical_altar, minmay_box_of_dots
D:3:      layout_basic, nzn_hepliaklqana_mist_gate, serial_shops, shop,
          chequers_arboretum, nicolae_concentric_dashed_squares_mild,
          kennysheep_potato
D:4:      layout_cave_pools, grunt_qazlal_sundering, minmay_temple_entry_slanted
D:5:      layout_loops_corners, mainiacjoe_overflow_alcove_1, uniq_grinder,
          uniq_ijyb, uniq_edmund
D:6:      layout_rooms, grunt_temple_overflow_order_and_chaos_1,
          lemuel_zombie_altar_yredelemnul, uniq_jeremiah
D:7:      layout_loops_ring, enter_bailey_5, uniq_joseph
Temple:   compressed_dpeg_circular_temple
Bailey:   bailey_polearm_elven_captive_hellmonk, bailey

Skill      XL: |  1  2  3  4  5  6  7  8  9 |
---------------+----------------------------+-----
Fighting       | 1 2 3 4 |  4.9
Dodging        | 2 |  2.0
Unarmed Combat | 4 5 6 7 8 9 |  9.0
Shapeshifting  | 4 5 |  5.3
Throwing       | 2 |  2.9

Action                     |  1- 3 |  4- 6 |  7- 9 || total
---------------------------+-------+-------+-------++-------
  Melee: Unarmed           |    81 |   146 |   132 ||   359
         Punch             |     1 |     4 |     7 ||    12
  Throw: Boomerang         |       |       |    58 ||    58
 Invoke: Heroism           |       |       |     1 ||     1
  Evoke: Wand              |       |       |    10 ||    10
    Use: Scroll            |       |     4 |     5 ||     9
         Potion            |       |       |     2 ||     2
   Stab: Sleeping          |     2 |     2 |       ||     4
 Armour: Animal skin       |    63 |   103 |    84 ||   250
  Dodge: Dodged            |    35 |    61 |    62 ||   158

Table legend: (Time is in decaauts)
 A = Elapsed time spent in this place.
 B = Non-inter-level travel time spent in this place.
 C = Inter-level travel time spent in this place.
 D = Time resting spent in this place.
 E = Time spent auto-exploring this place.
 F = Levels seen in this place.
 G = Mean time per level.
                   A        B        C        D        E       F      G
               +--------+--------+--------+--------+--------+-----+--------+
         Total |   4040 |   3911 |    129 |     52 |   2998 |   9 |  448.9 |
       Dungeon |   3914 |   3804 |    110 |     52 |   2956 |   7 |  559.1 |
        Temple |     20 |      1 |     19 |      0 |      0 |   1 |   20.0 |
        Bailey |    105 |    105 |      0 |      0 |     42 |   1 |  105.0 |
               +--------+--------+--------+--------+--------+-----+--------+

Top non-repeatable levels by time:
     D:5: 1129 daAuts
     D:1: 789 daAuts
     D:2: 701 daAuts
     D:4: 598 daAuts
     D:3: 546 daAuts
     D:6: 115 daAuts
  Bailey: 105 daAuts
     D:7: 34 daAuts
  Temple: 20 daAuts
